 Dungeon Crawl Stone Soup version 0.29.0-4-gdea44cf6ec (webtiles) character file.

Game seed: 6166577317048486459

87 qw the Chopper (level 4, -2/26 HPs)
             Began as a Tengu Warper on Aug 28, 2022.
             Slain by an ogre
             ... wielding a +0 giant club
              (28 damage)
             ... on level 4 of the Dungeon.
             The game lasted 00:00:15 (3344 turns).

qw the Chopper (Tengu Warper)                       Turns: 3344, Time: 00:00:15

Health: -2/26      AC:  7    Str: 19    XL:     4   Next: 51%
Magic:  8/8        EV: 11    Int: 13    God:
Gold:   167        SH:  0    Dex: 14    Spells: 7/7 levels left

rFire   . . .      SeeInvis .   b - +0 war axe
rCold   . . .      Faith    .   (no shield)
rNeg    . . .      Spirit   .   c - +0 ring mail
rPois   .          Reflect  .   (helmet restricted)
rElec   .          Harm     .   h - +0 cloak
rCorr   .          Rampage  .   l - +0 pair of gloves
Will    .....                   (boots unavailable)
Stlth   +.........              (no amulet)
HPRegen 0.08/turn               j - +6 ring of strength
MPRegen 0.11/turn               (no ring)

@: no status effects
A: beak, talons 3
a: no special abilities


You were on level 4 of the Dungeon.
You visited 1 branch of the dungeon, and saw 4 of its levels.

You collected 167 gold pieces.


Innate Abilities, Weirdness & Mutations

You have a beak for a mouth.
You have claws for feet.


   Skills:
 - Level 2.0 Fighting
 + Level 5.1 Axes
 - Level 1.0 Throwing
 - Level 1.1 Armour
 - Level 2.1 Dodging
 - Level 2.0 Spellcasting
 - Level 2.4 Translocations


You had 7 spell levels left.
You didn't know any spells.
Your spell library contained the following spells:

 Spells                   Type           Power      Damage    Failure   Level
 Blink                    Tloc           14%        N/A       26%         2
 Gell's Gravitas          Tloc           7%         N/A       45%         3
 Lesser Beckoning         Tloc           7%         N/A       45%         3
 Teleport Other           Tloc           7%         N/A       45%         3
 Manifold Assault         Tloc           7%         N/A       99%         5

Inventory:

Hand Weapons
 b - a +0 war axe (weapon)
 Y - a +0 hand axe of flaming
Missiles
 g - a javelin (quivered)
Armour
 c - a +0 ring mail (worn)
 h - a +0 cloak (worn)
 l - a +0 pair of gloves (worn)
Jewellery
 j - a +6 ring of strength (left hand)
Scrolls
 d - a scroll of teleportation
 m - 3 scrolls of identify
Potions
 a - a potion of mutation
 e - 3 potions of curing

Dungeon Overview and Level Annotations

Branches:
Dungeon (4/15)
 Temple: D:4-7

Altars:


Message History

Found a scroll of teleportation and 6 stones.
There is a stone staircase leading up here.
Existing waypoints: (1) D:2 (2) D:3 Assign waypoint to what number? (0-9, D - delete waypoint) Waypoint 1 re-assigned from D:2 to D:4.
Enter note:
d - a scroll of teleportation
Found a hand axe.
Found a stone staircase leading down.
Enter note: An ogre comes into view. It is wielding a +0 giant club.
The ogre shouts!
Enter note: Throw: 3 javelins
Press: ? - help, Q - select action Shift-Dir - straight line, f - ogre You throw a javelin.
The javelin pierces through the ogre.
The ogre is lightly wounded.
A hobgoblin comes into view.
A quokka comes into view.
3340 ||| Stepping ~*~*~tactically~*~*~ (stealth).
The hobgoblin shouts!
Throw: 2 javelins
Press: ? - help, Q - select action Shift-Dir - straight line, f/p - ogre You throw a javelin.
The javelin pierces through the ogre!
The ogre is moderately wounded.
You hit the ogre. Your kick misses the ogre.
The ogre is moderately wounded.
The ogre barely misses you.
You hit the ogre.
The ogre is moderately wounded.
A goblin comes into view. It is wielding a +0 dagger.
You closely miss the ogre.
The goblin shouts!
You peck the ogre.
The ogre is heavily wounded.
You hit the quokka.
You kill the quokka!
The ogre hits you with a +0 giant club!!
Ouch! That really hurt!
You die...

# (.g ... ##. ..(. ..
##..##..###..
.....#....#. #
........... .###
#......g..#..... ##..#
#......O#.#..... ..#.
#......$@..##...# #.#.
#...............#####...
##..............#.#.#.(#
#......#................
#...>.##................
##.....#................
###.................#.#
####................#..
#..#..#.........<......


You could see an ogre, a hobgoblin and a goblin.

Vanquished Creatures
  An orc priest (D:3)
  An adder (D:3)
  A dart slug (D:3)
  3 orcs (D:3)
  2 endoplasms
  A giant cockroach (D:1)
  6 goblins
  7 hobgoblins
  3 jackals (D:1)
  2 quokkas
  2 ball pythons (D:3)
  6 bats
  6 rats
41 creatures vanquished.

Notes
Turn   | Place    | Note
-------+----------+-------------------------------------------
     0 | D:1      | qw the Tengu Warper began the quest for the Orb.
     0 | D:1      | Reached XP level 1. HP: 12/12 MP: 4/4
     0 | D:1      | 0 ||| qw: Version: 0.1-a-89-g26bdef1
     0 | D:1      | 0 ||| qw: Game counter: 2571
     0 | D:1      | 0 ||| qw: Always use a shield: true
     0 | D:1      | 0 ||| qw: God list: Okawaru
     0 | D:1      | 0 ||| qw: Allow faded altars: false
     0 | D:1      | 0 ||| qw: Do Orc after D:15 true
     0 | D:1      | 0 ||| qw: Do second Lair branch before Depths: true
     0 | D:1      | 0 ||| qw: Lair rune preference: random
     0 | D:1      | 0 ||| qw: Plans: Normal
     0 | D:1      | 0 ||| PLANNING D:1-11
   362 | D:1      | Reached XP level 2. HP: 17/17 MP: 6/6
   421 | D:1      | Found a faded altar of an unknown god.
   477 | D:1      | Reached skill level 3 in Axes
   558 | D:1      | 558 ||| Stepping ~*~*~tactically~*~*~ (stealth).
   662 | D:1      | 662 ||| Stepping ~*~*~tactically~*~*~ (stealth).
   663 | D:1      | 663 ||| Stepping ~*~*~tactically~*~*~ (stealth).
  1258 | D:1      | 1258 ||| UPGRADING to +0 pair of gloves.
  1263 | D:1      | 1263 ||| UPGRADING to +6 ring of strength.
  1264 | D:1      | 1264 ||| READING scroll labelled XIPLEA YKYED.
  1265 | D:1      | 1265 ||| READING scroll labelled SEOTINIUZ.
  1265 | D:1      | Identified a scroll of acquirement
  1265 | D:1      | 1265 ||| ACQUIRING +5 flail "Dyuprof" {vorpal, rElec rPois
                  | Dex+4}
  1265 | D:1      | Acquired the +5 flail "Dyuprof" {vorpal, rElec rPois Dex+4}
  1267 | D:1      | 1267 ||| DROPPING +0 mace.
  1268 | D:1      | 1268 ||| READING 2 scrolls labelled SUMOKIO KOIM.
  1271 | D:1      | 1271 ||| READING scroll labelled HOSANG ZAPAM.
  1272 | D:1      | 1272 ||| READING 2 scrolls labelled HOSYKY EJYA.
  1273 | D:1      | 1273 ||| DRINKING 2 fizzy yellow potions.
  1274 | D:1      | 1274 ||| DROPPING scroll of blinking.
  1275 | D:1      | 1275 ||| DROPPING potion of brilliance.
  1276 | D:1      | 1276 ||| READING scroll of teleportation.
  1474 | D:2      | Reached XP level 3. HP: 20/21 MP: 7/7
  2005 | D:2      | 2005 ||| READING scroll labelled MIQIKU SOKIEC.
  2006 | D:2      | 2006 ||| DROPPING +5 flail "Dyuprof" {vorpal, rElec rPois
                  | Dex+4}.
  2007 | D:2      | 2007 ||| DRINKING 2 fizzy silvery potions.
  2008 | D:2      | 2008 ||| READING 5 scrolls of identify.
  2008 | D:2      | 2008 ||| IDENTIFYING glowing dark potion
  2069 | D:3      | Reached skill level 4 in Axes
  2097 | D:3      | 2097 ||| FLEEEEING.
  2098 | D:3      | 2098 ||| FLEEEEING.
  2099 | D:3      | 2099 ||| FLEEEEING.
  2100 | D:3      | 2100 ||| FLEEEEING.
  2101 | D:3      | 2101 ||| FLEEEEING.
  2102 | D:3      | 2102 ||| FLEEEEING.
  2103 | D:3      | 2103 ||| FLEEEEING.
  2104 | D:3      | 2104 ||| FLEEEEING.
  2105 | D:3      | 2105 ||| FLEEEEING.
  2106 | D:3      | 2106 ||| FLEEEEING.
  2107 | D:3      | 2107 ||| FLEEEEING.
  2247 | D:3      | 2247 ||| Stepping ~*~*~tactically~*~*~ (stealth).
  2251 | D:3      | 2251 ||| Stepping ~*~*~tactically~*~*~ (stealth).
  2254 | D:3      | 2254 ||| Stepping ~*~*~tactically~*~*~ (stealth).
  2260 | D:3      | HP: 5/21 [orc/+0 mace (4)]
  2261 | D:3      | 2261 ||| READING scroll of teleportation.
  2261 | D:3      | HP: 2/21 [orc priest/+0 flail (2)]
  2262 | D:3      | 2262 ||| DRINKING potion of heal wounds.
  2266 | D:3      | HP: 3/21 [poisoned by an adder]
  2341 | D:3      | HP: 5/21 [hobgoblin (2)]
  2587 | D:3      | 2587 ||| FLEEEEING.
  2588 | D:3      | 2588 ||| FLEEEEING.
  2589 | D:3      | 2589 ||| FLEEEEING.
  2590 | D:3      | 2590 ||| FLEEEEING.
  2591 | D:3      | 2591 ||| FLEEEEING.
  2592 | D:3      | 2592 ||| FLEEEEING.
  2600 | D:3      | 2600 ||| STAIRDANCE
  2748 | D:2      | 2748 ||| UPGRADING to +0 ring mail.
  2758 | D:2      | 2758 ||| DROPPING +0 leather armour.
  2759 | D:2      | 2759 ||| UPGRADING to +0 cloak.
  2764 | D:2      | 2764 ||| READING 4 scrolls of identify.
  2764 | D:2      | 2764 ||| IDENTIFYING sedimented red potion
  2779 | D:3      | Reached skill level 5 in Axes
  2779 | D:3      | Reached XP level 4. HP: 12/26 MP: 8/8
  2836 | D:3      | 2836 ||| FLEEEEING.
  2837 | D:3      | 2837 ||| STAIRDANCE
  3074 | D:3      | 3074 ||| SWAPPING to +0 war axe.
  3338 | D:4      | Noticed an ogre
  3340 | D:4      | 3340 ||| Stepping ~*~*~tactically~*~*~ (stealth).
  3344 | D:4      | Slain by an ogre

Levels and vault maps discovered:
D:1:      heliophobic_arrival_dark_side_of_the_moon, layout_loops_corners,
          basic_ecumenical_altar
D:2:      layout_basic
D:3:      layout_rooms, chequers_serial_rivers_large_b
D:4:      layout_cave_pools, nicolae_ru_great_annihilating_truth,
          mainiacjoe_overflow_chevrons, old_standard_altar, kennysheep_mini,
          chequers_serial_rivers_micro_a, minmay_gold_behind_fungi,
          uniq_blork_the_orc

Skill      XL: |  1  2  3 |
---------------+----------+-----
Axes           | 3 5 |  5.1
Fighting       | |  2.0
Throwing       | |  1.0
Armour         | |  1.1
Dodging        | |  2.1
Spellcasting   | |  2.0
Translocations | |  2.4

Action                   |  1- 3 |  4- 6 || total
-------------------------+-------+-------++-------
Melee: Hand axe          |    79 |     2 ||    81
       Peck              |    13 |     1 ||    14
       Kick              |     8 |       ||     8
       War axe           |       |     3 ||     3
Throw: Boomerang         |     7 |       ||     7
       Javelin           |     3 |     5 ||     8
  Use: Scroll            |    10 |       ||    10
       Potion            |     3 |       ||     3
Armor: Leather armour    |    23 |       ||    23
       Ring mail         |     3 |       ||     3
Dodge: Dodged            |    36 |     3 ||    39

Table legend:
 A = Non-vault XP
 B = Vault XP
 C = Vault XP percentage of total XP
 D = Non-vault monster count
 E = Vault monster count
 F = Vault count percentage of total count
                 A         B        C        D         E       F
            +---------+---------+-------+---------+---------+-------
      Total |     127 |       0 |   0.0 |      41 |       0 |   0.0
            +---------+---------+-------+---------+---------+-------
        D:1 |      32 |       0 |   0.0 |      19 |       0 |   0.0
        D:2 |      11 |       0 |   0.0 |       7 |       0 |   0.0
        D:3 |      82 |       0 |   0.0 |      14 |       0 |   0.0
        D:4 |       2 |       0 |   0.0 |       1 |       0 |   0.0
            +---------+---------+-------+---------+---------+-------
